 Dungeon Crawl Stone Soup version 0.27-a0-170-g607d9e9d85 (webtiles) character file.

Game seed: 3636392727519584122

455 sanka the Slicer (level 6, 0/32 HPs)
             Began as a Spriggan Abyssal Knight on Jan 28, 2021.
             Was a Priest of Lugonu.
             Killed by divine providence
             ... invoked by an orc priest
              (14 damage)
             ... on level 4 of the Dungeon.
             The game lasted 00:06:41 (4683 turns).

sanka the Slicer (Spriggan Abyssal Knight)          Turns: 4683, Time: 00:06:41

Health: 0/32       AC:  2    Str:  8    XL:     6   Next: 76%
Magic:  8/8        EV: 23    Int: 14    God:    Lugonu [***...]
Gold:   213        SH:  0    Dex: 17    Spells: 5/5 levels left

rFire    + . .     SeeInvis +   a - +1 short sword
rCold    . . .     Faith    .   (shield restricted)
rNeg     . . .     Spirit   .   b - +0 robe
rPois    .         Reflect  .   (helmet restricted)
rElec    .         Harm     .   v - scarf {shadows}
rCorr    .         Rampage  .   (gloves unavailable)
Will     +....                  (boots unavailable)
Stlth    ++........             u - amulet of regeneration
HPRegen  0.50/turn              i - ring of protection from fire
MPRegen  0.11/turn              h - +4 ring of evasion

@: very quick
A: very small, unfitting armour, see invisible, speed 3
a: Renounce Religion, Depart the Abyss, Bend Space, Banish


You were on level 4 of the Dungeon.
You worshipped Lugonu.
Lugonu was most pleased with you.
You visited 1 branch of the dungeon, and saw 4 of its levels.
You visited the Abyss 1 time.

You collected 213 gold pieces.


Innate Abilities, Weirdness & Mutations

You are very small and have problems with some larger weapons.
You are too small for most types of armour.
You have supernaturally acute eyesight. (SInv)
You cover ground extremely quickly.


   Skills:
 - Level 2.4 Fighting
 - Level 8.0 Short Blades
 + Level 4.0 Dodging
 + Level 1.7 Invocations


You had 5 spell levels left.
You didn't know any spells.
Your spell library was empty.

Inventory:

Hand Weapons
 a - a +1 short sword (weapon)
Armour
 b - a +0 robe (worn)
 v - a scarf of shadows (worn)
Jewellery
 h - a +4 ring of evasion (right hand)
 i - a ring of protection from fire (left hand)
 n - an uncursed ring of resist corrosion
 u - an amulet of regeneration (around neck)
Wands
 t - a wand of enslavement (6)
Scrolls
 c - 7 scrolls of identify {unknown}
 d - 2 scrolls of amnesia {unknown}
 f - 2 scrolls of random uselessness {unknown}
 j - 6 scrolls of remove curse {unknown}
 l - 2 scrolls of immolation {unknown}
 m - a scroll of enchant weapon {unknown}
 p - a scroll of fog {unknown}
 r - a scroll of enchant armour {unknown}
Potions
 e - a potion of curing {unknown}
 g - a potion of mutation {unknown}
 k - 2 potions of lignification {unknown}
 o - a potion of might {unknown}
 q - a potion of attraction {unknown}
 s - a potion of flight {unknown}
 w - a potion of berserk rage {unknown}

Dungeon Overview and Level Annotations

Branches:
Dungeon (4/15)             Temple (0/1) D:4

Altars:
Ashenzari
Fedhas
Makhleb
Yredelemnul

Annotations:
D:2 1 runed translucent door, Crazy Yiuf
D:3 Borgoz's ghost, amateur MiGl
D:4 exclusion: ogre, Grinder

..........▒....'.......▒...▒▒..▒▒
..........▒....▒.......▒...▒▒..▒▒
..........▒▒▒▒▒▒.......▒........▒
..........▒ ▒.......▒........▒
▒▒▒.......▒ ▒.......▒.....▒▒▒▒
..▒....[..▒ ▒.......▒.....▒≈▒▒
..▒.......▒ ▒.......▒.....▒(▒▒
▒▒▒.......▒ ▒.......▒.....▒≈▒▒
▒../....▒ ▒i......▒...▒▒▒≈▒▒
▒.......▒ ▒o......▒...▒▒▒≈▒▒
▒.......▒+▒▒▒▒.......▒..<..▒≈▒.
▒....................▒..†..▒†▒.
▒...(................▒.........
▒....................▒.........
▒..........o.....[...'.........
▒....................▒...▒▒..▒▒
▒..)o................▒...▒▒..▒▒


You could see an orc priest.


Message History

An orc priest is nearby!
You open the door.
There is an open door here.
There is an open door here.
You hit the orc priest.
The orc priest is lightly wounded.
You barely miss the orc priest.
The orc priest is lightly wounded.
The orc priest calls down the wrath of Beogh upon you.
Beogh smites you!
You hit the orc priest but do no damage.
The orc priest is lightly wounded.
The orc priest completely misses you.
You hit the orc priest.
The orc priest is moderately wounded.
You barely miss the orc priest.
The orc priest is moderately wounded.
The orc priest invokes the aid of Beogh against you.
Pain shoots through your body!
* * * LOW HITPOINT WARNING * * *
Unknown command.
You hit the orc priest but do no damage.
The orc priest is moderately wounded.
The orc priest calls down the wrath of Beogh upon you.
You resist with significant effort.
You closely miss the orc priest.
The orc priest is moderately wounded.
The orc priest mumbles some strange prayers to Beogh against you.
Beogh smites you!
You die...

Action                   |  1- 3 |  4- 6 || total
-------------------------+-------+-------++-------
Melee: Short sword       |   133 |   324 ||   457
Invok: Depart the Abyss  |     1 |       ||     1
 Stab: Sleeping          |     5 |     2 ||     7
Armor: Robe              |    12 |    14 ||    26
Dodge: Dodged            |    89 |   236 ||   325

Levels and vault maps discovered:
D:1:      minmay_arrival_diagonal_passages, layout_basic, lemuel_another_geyser
D:2:      layout_loops_corners, lemuel_coloured_pillars_altar,
          grunt_temple_overflow_open, lemuel_tele_altar, uniq_crazy_yiuf_cottage
D:3:      kennysheep_the_goblin_king, layout_basic,
          chequers_ecumenical_altar_simple, gammafunk_ghost_necromancy
D:4:      layout_gridville, temple_hall, ebering_ghost_sewer_d, uniq_grinder

Notes
Turn   | Place    | Note
-------+----------+-------------------------------------------
     0 | Abyss:1  | sanka the Spriggan Abyssal Knight began the quest for the
                  | Orb.
     0 | Abyss:1  | Reached XP level 1. HP: 11/11 MP: 3/3
     2 | Abyss:1  | Found a corrupted altar of Lugonu.
    74 | Abyss:1  | Noticed an ancient zyme
   122 | Abyss:1  | Noticed a large abomination
   125 | Abyss:1  | Noticed a tentacled starspawn
   127 | D:1      | Escaped the Abyss
   389 | D:1      | Reached skill level 3 in Short Blades
   389 | D:1      | Reached XP level 2. HP: 16/16 MP: 4/4
   419 | D:1      | Reached * piety under Lugonu
  1000 | D:1      | Reached XP level 3. HP: 19/19 MP: 5/5
  1049 | D:1      | Reached skill level 4 in Short Blades
  1671 | D:2      | Found a burning altar of Makhleb.
  1675 | D:2      | Found a basalt altar of Yredelemnul.
  1678 | D:2      | Found a blossoming altar of Fedhas.
  1758 | D:2      | Reached XP level 4. HP: 21/23 MP: 6/6
  1782 | D:2      | Found a basalt altar of Yredelemnul.
  1801 | D:2      | Reached skill level 5 in Short Blades
  2358 | D:2      | Reached ** piety under Lugonu
  2456 | D:2      | Found a runed translucent door.
  2457 | D:2      | Noticed Crazy Yiuf
  2503 | D:2      | Found a broken altar of Ashenzari.
  2951 | D:3      | Found a faded altar of an unknown god.
  2984 | D:3      | Found a runed translucent gate.
  3066 | D:3      | Reached XP level 5. HP: 27/27 MP: 7/7
  3221 | D:3      | Reached skill level 6 in Short Blades
  3277 | D:3      | Found a runed translucent gate.
  3277 | D:3      | Found a runed translucent gate.
  3282 | D:3      | Noticed SamuraiZach's ghost (weakling DrMo)
  3600 | D:3      | Killed SamuraiZach's ghost
  3626 | D:3      | Reached skill level 7 in Short Blades
  3626 | D:3      | Reached XP level 6. HP: 26/32 MP: 8/8
  3928 | D:4      | Noticed Grinder
  4011 | D:4      | Reached skill level 8 in Short Blades
  4116 | D:4      | Found a staircase to the Ecumenical Temple.
  4238 | D:4      | Found a runed translucent door.
  4239 | D:4      | Reached *** piety under Lugonu
  4242 | D:4      | Noticed Borgoz's ghost (amateur MiGl)
  4258 | D:4      | Reached skill level 4 in Dodging
  4683 | D:4      | Killed from afar by an orc priest

Vanquished Creatures
  A water moccasin zombie (D:3)
  A scorpion (D:4)
  The ghost of SamuraiZach the Skirmisher, a weakling DrMo (D:3)
  A hound (D:4)
  A bullfrog skeleton (D:4)
  An orc wizard (D:4)
  A killer bee zombie (D:3)
  A hound zombie (D:3)
  A hound skeleton (D:4)
  3 gnolls (D:2)
  5 adders
  5 leopard geckos
  6 orcs
  8 bats
  2 giant cockroaches (D:1)
  16 goblins
  13 hobgoblins
  10 jackals
  6 kobolds
  2 ball pythons
  2 frilled lizards
  A leopard gecko skeleton (D:4)
  6 rats
94 creatures vanquished.

Vanquished Creatures (others)
  A bat (D:1)
1 creature vanquished.

Grand Total: 95 creatures vanquished
